 Dungeon Crawl Stone Soup version 0.32-a0-868-g153ae1a8d6 (webtiles) character file.

Game seed: 9850777193361072130

327 Persephone the Cudgeller (level 6, -9/32 HPs)
             Began as a Vine Stalker Fighter on Mar 28, 2024.
             Mangled by Crazy Yiuf
             ... wielding a +4 quarterstaff of chaos
              (12 damage)
             ... on level 3 of the Dungeon.
             The game lasted 00:05:54 (2319 turns).

Persephone the Cudgeller (Vine Stalker Fighter)     Turns: 2319, Time: 00:05:54

Health: -9/32      AC:  7    Str: 20    XL:     6   Next: 50%
Magic:  0/7        EV:  6    Int:  8    God:
Gold:   185        SH:  0    Dex: 14    Spells: 5/5 levels left

rFire   . . .        a - +1 flail
rCold   . . .        c - +0 buckler
rNeg    . . .        b - +1 scale mail
rPois   .            (no helmet)
rElec   .            (no cloak)
rCorr   .            (no gloves)
SInv    .            (no boots)
Will    .....        (no amulet) Stlth
                     k - +5 ring of evasion
HPRegen 1.05/turn    (no ring)
MPRegen 0.10/turn

%: guardian spirit
@: mighty, weakened, held
A: fangs 2, regeneration 1, magic shield, antimagic bite, no potion heal 2
a: no special abilities


You were on level 3 of the Dungeon.
You visited 1 branch of the dungeon, and saw 3 of its levels.

You collected 185 gold pieces.

Inventory:

Hand Weapons
 a - a +1 flail (weapon)
Armour
 b - a +1 scale mail (worn)
 c - a +0 buckler (worn)
Jewellery
 k - a +5 ring of evasion (left hand)
 n - a +6 ring of dexterity
Scrolls
 g - a scroll of revelation {unknown}
 h - 2 scrolls of poison
 i - 3 scrolls of teleportation
 j - a scroll of vulnerability
 l - a scroll of blinking
 m - 2 scrolls of identify
Potions
 d - a potion of might
 e - 2 potions of degeneration
 f - a potion of haste {unknown}


   Skills:
 + Level 3.2 Fighting
 * Level 5.4 Maces & Flails
 + Level 3.0 Armour
 - Level 2.6 Shields


You had 5 spell levels left.
You didn't know any spells.
Your spell library contained the following spells:

 Spells                   Type           Power      Damage    Failure   Level
 Frozen Ramparts          Ice            0%         1d1       99%         3
 Ozocubu's Armour         Ice            0%         N/A       99%         3
 Metabolic Englaciation   Hex/Ice        0%         N/A       100%        5


Dungeon Overview and Level Annotations

Branches:
Dungeon (3/15)

Altars:

Shops:
D:3 *

Annotations:
D:3 Crazy Yiuf


Innate Abilities, Weirdness & Mutations

You have extremely sharp teeth.
Your natural rate of healing is unusually fast.
When hurt, damage is shared between your health and your magic reserves.
Your bite disrupts and absorbs the magic of your enemies.
Potions cannot restore your health.


Message History

You block the bat's attack. The rat closely misses you.
You closely miss the rat. You bite the rat.
You kill the rat!
The bat misses you.
You hit the bat.
You kill the bat!
There is an entrance to Guhutool's General Store here.
There is a fountain of clear blue water here.
i - 3 scrolls of teleportation (gained 1)
There is a stone staircase leading up here.
Items here: )) [[ ÷÷.
Things that are here:
a +0 hand axe; a +0 leather armour; an orc skeleton You see here a bat skeleton.
Crazy Yiuf shouts!
Auto Killed stopped - Could not explore.
Could not explore, unopened runed door.
You open the door. You barely miss Crazy Yiuf. Your bite misses Crazy Yiuf.
You block Crazy Yiuf's attack.
You hit Crazy Yiuf but do no damage.
Crazy Yiuf says, "Snower foot shoe!"
Crazy Yiuf hits you with a +4 quarterstaff of chaos!
You feel your attacks grow feeble.
You hit Crazy Yiuf but do no damage. Your bite misses Crazy Yiuf.
Crazy Yiuf says, "Crazy?
Crazy!?
PORCUPINE!"
Crazy Yiuf hits you with a +4 quarterstaff of chaos.
You are caught in a web!
You struggle to detach yourself from the web.
Crazy Yiuf hits you with a +4 quarterstaff of chaos.
You feel very mighty all of a sudden.
You struggle to detach yourself from the web.
Crazy Yiuf hits you with a +4 quarterstaff of chaos!
* * * LOW HITPOINT WARNING * * *
Crazy Yiuf burns you.
* * * LOW HITPOINT WARNING * * *
You feel mightier all of a sudden.
Crazy Yiuf cries, "Line senile childish!"
Crazy Yiuf hits you with a +4 quarterstaff of chaos!
You die...

...........###..)..##..#
#...##.#...............####
#...##.....#........÷.....#
#...####.################.#
#...####.# #.## #........#
♣♣♣♣♣##..# .#.####### ###
♣♣♣.♣....#.# .#.# #.#
#...#♣..♣..♣....# .#.# #.#
#...g@♣♣♣♣......# .#.# #.#
#)..#♣♣ ♣♣....## .#.#####.#
### ♣♣#### ........)#
##########


You could see Crazy Yiuf.

Vanquished Creatures
  Grinder (D:3)
  Terence (D:2)
  3 adders
  2 dart slugs (D:3)
  A ribbon worm (D:2)
  6 orcs (D:3)
  4 ball pythons
  10 bats
  4 endoplasms
  4 giant cockroaches
  3 goblins
  A hobgoblin (D:1)
  3 quokkas
  3 frilled lizards
  3 kobolds (D:1)
  28 rats
77 creatures vanquished.

Notes
Turn   | Place    | Note
-------+----------+-------------------------------------------
     0 | D:1      | Persephone the Vine Stalker Fighter began the quest for the
                  | Orb.
     0 | D:1      | Reached XP level 1. HP: 11/11 MP: 2/2
    32 | D:1      | Reached skill level 2 in Maces & Flails
   148 | D:1      | Reached XP level 2. HP: 16/16 MP: 3/3
   623 | D:1      | Reached skill level 3 in Maces & Flails
   771 | D:2      | Reached XP level 3. HP: 14/19 MP: 2/4
  1156 | D:2      | Noticed Terence
  1169 | D:2      | Killed Terence
  1170 | D:2      | Reached XP level 4. HP: 23/23 MP: 3/5
  1553 | D:3      | Reached skill level 4 in Maces & Flails
  1820 | D:3      | Reached XP level 5. HP: 22/27 MP: 4/6
  1952 | D:3      | Noticed Grinder
  1980 | D:3      | Killed Grinder
  1981 | D:3      | Reached skill level 5 in Maces & Flails
  1981 | D:3      | Reached XP level 6. HP: 22/32 MP: 5/7
  2102 | D:3      | Found a runed translucent door.
  2104 | D:3      | Noticed Crazy Yiuf
  2185 | D:3      | Found Guhutool's General Store.
  2319 | D:3      | Mangled by Crazy Yiuf

Illustrated notes

Levels and vault maps discovered:
D:1:      dpeg_arrival_another_circle, layout_basic
D:2:      layout_loops_cross, uniq_terence
D:3:      layout_basic, serial_shops, shop_fountains, minmay_rat_hole,
          uniq_grinder, uniq_crazy_yiuf_cottage

Skill      XL: |  1  2  3  4  5 |
---------------+----------------+-----
Maces & Flails | 2 3 4 5 |  5.4
Fighting       | 3 |  3.2
Armour         | 3 |  3.0
Shields        | |  2.6

Action                     |  1- 3 |  4- 6 || total
---------------------------+-------+-------++-------
  Melee: Flail             |    84 |   125 ||   209
         Bite              |    21 |    23 ||    44
    Use: Scroll            |     5 |     3 ||     8
         Potion            |       |     1 ||     1
 Armour: Scale mail        |    66 |    60 ||   126
  Dodge: Dodged            |    37 |    84 ||   121
  Block: Buckler           |    16 |    30 ||    46

Table legend: (Time is in decaauts)
 A = Elapsed time spent in this place.
 B = Non-inter-level travel time spent in this place.
 C = Inter-level travel time spent in this place.
 D = Time resting spent in this place.
 E = Time spent auto-exploring this place.
 F = Levels seen in this place.
 G = Mean time per level.
                   A        B        C        D        E       F      G
               +--------+--------+--------+--------+--------+-----+--------+
         Total |   2368 |   2333 |     35 |      0 |   1832 |   3 |  789.3 |
       Dungeon |   2368 |   2333 |     35 |      0 |   1832 |   3 |  789.3 |
               +--------+--------+--------+--------+--------+-----+--------+

Top non-repeatable levels by time:
     D:3: 811 daAuts
     D:2: 793 daAuts
     D:1: 763 daAuts
